 Dungeon Crawl Stone Soup version 0.28.0-53-g5a82cb258f (console) character file.

Game seed: 5279508649716239542

3 erker the Sneak (level 1, 0/11 HPs)
             Began as an Octopode Earth Elementalist on July 13, 2022.
             Slain by a bat (1 damage)
             ... on level 1 of the Dungeon.
             The game lasted 00:00:24 (215 turns).

erker the Sneak (Octopode Earth Elementalist)        Turns: 215, Time: 00:00:25

Health: 0/11       AC:  1    Str:  7    XL:     1   Next: 50%
Magic:  3/3        EV: 13    Int: 17    God:
Gold:   0          SH:  0    Dex: 12    Spells: 3/4 levels left

rFire   . . .      SeeInvis .   (no weapon)
rCold   . . .      Faith    .   (no shield)
rNeg    . . .      Spirit   .   (helmet restricted)
rPois   .          Reflect  .   (no amulet)
rElec   .          Harm     .   (no ring)
rCorr   .          Rampage  .   (no ring)
Will    .....                   (no ring)
Stlth   +++.......              (no ring)
HPRegen 0.03/turn               (no ring)
MPRegen 0.08/turn               (no ring)
                                (no ring)
                                (no ring)

@: no status effects
A: almost no armour, amphibious, 8 rings, camouflage 1, gelatinous body 1,
(nimble swimmer 1), tentacles
a: no special abilities


You were on level 1 of the Dungeon.
You visited 1 branch of the dungeon, and saw 1 of its levels.

Inventory:

Missiles
 b - 47 stones
Scrolls
 a - a scroll of noise {unknown}
 c - a scroll of silence {unknown}


   Skills:
 - Level 2.0 Dodging
 + Level 3.2 Stealth
 - Level 2.0 Spellcasting
 - Level 1.0 Transmutations
 - Level 3.0 Earth Magic


You had 3 spell levels left.
You knew the following spells:

 Your Spells              Type           Power      Damage    Failure   Level
a - Sandblast             Erth           22%        2d7       5%          1

Your spell library contained the following spells:

 Spells                   Type           Power      Damage    Failure   Level
 Passwall                 Tmut/Erth      6%         N/A       13%         2
 Stone Arrow              Conj/Erth      12%        3d7       30%         3
 Petrify                  Tmut/Erth      8%         N/A       63%         4


Dungeon Overview and Level Annotations

Branches:
Dungeon (1/15)

Altars:


Innate Abilities, Weirdness & Mutations

You cannot wear most types of armour.
You are amphibious.
You can wear up to eight rings at the same time.
Your skin changes colour to match your surroundings (Stealth+).
Your rubbery body absorbs attacks. (AC +1, EV +1)
((You are camouflaged when in or above water. (Stealth+)))
You have tentacles for arms and can constrict up to eight enemies at once.


Message History

Press: ? - help, Shift-Dir - straight line, f/p - rat
Aim: a rat (79% to hit)
The blast of sand hits the frilled lizard!
You kill the frilled lizard!
The rat misses you.
You tentacle-slap the rat.
You kill the rat!
No target in view!
Magic restored.
A dart slug comes into view.
The dart slug launches a dart at you. The slug dart misses you.
A ball python comes into view.
Found 25 stones.
The ball python hisses angrily.
You tentacle-slap the dart slug. You grab the dart slug.
The dart slug is moderately wounded.
You constrict the dart slug.
A bat comes into view.
You tentacle-slap the dart slug.
The dart slug is heavily wounded.
You constrict the dart slug. The ball python closely misses you.
The ball python grabs you. The ball python constricts you.
The dart slug bites you. The ball python bites you.
The ball python constricts you.
You closely miss the ball python. You grab the ball python.
You squeeze the ball python.
The ball python is moderately wounded.
You constrict the ball python. You constrict the dart slug.
The bat hits you but does no damage. The bat misses you.
The ball python bites you. The ball python constricts you.
* * * LOW HITPOINT WARNING * * *
The dart slug bites you.
* * * LOW HITPOINT WARNING * * *
You are too injured to fight recklessly!
You escape the ball python's grasp.
You release your grip on the ball python.
You release your grip on the dart slug.
The bat hits you but does no damage. The bat hits you but does no damage.
The bat hits you.
You die...

..## # ...# . # # #..#.#
### .#.#.#..#.# #.#
###...#. (..#..#.# #.#
....... ......# #.#
#.#..# #S.w.# #.#
#....######b...# #.#
........@....#.#
#.#.######.#####.........
#.#...............#######
#.########.##..........
....# #.#.....######
..#.# #.#.#...#
###.######.#.....#
............##.....
###.#####.......###?


You could see a dart slug, a bat and a ball python.

Vanquished Creatures
  An endoplasm (D:1)
  A frilled lizard (D:1)
  A kobold (D:1)
  A rat (D:1)
4 creatures vanquished.

Notes
Turn   | Place    | Note
-------+----------+-------------------------------------------
     0 | D:1      | erker the Octopode Earth Elementalist began the quest for
                  | the Orb.
     0 | D:1      | Reached XP level 1. HP: 11/11 MP: 3/3
   215 | D:1      | Slain by a bat

Illustrated notes

Levels and vault maps discovered:
D:1:      scummos_arrival_forest, layout_basic,
          chequers_ecumenical_altar_simple_redux

Skill      XL: |  1 |
---------------+----+-----
Stealth        | 3 |  3.2
Dodging        | |  2.0
Spellcasting   | |  2.0
Transmutations | |  1.0
Earth Magic    | |  3.0

Action                   || total
-------------------------++-------
Melee: Unarmed           ||     7
       Constrict         ||     3
       Tentacles         ||     3
 Cast: Sandblast         ||     2
Armor: Skin              ||     3
Dodge: Dodged            ||     6
